 Dungeon Crawl Stone Soup version 0.28-a0-723-g095bd1b44f (webtiles) character file.

Game seed: 8451283867161303112

30282 arenajobber the Grappler (level 13, 0/133 HPs)
             Began as a Troll Arcane Marksman on Oct 25, 2021.
             Was a High Priest of Okawaru.
             Slain by a one-headed hydra (15 damage)
             ... in the Arena on Oct 26, 2021.
             The game lasted 00:46:56 (13608 turns).

arenajobber the Grappler (Troll Arcane Marksman)   Turns: 13608, Time: 00:46:57

Health: 0/133      AC:  2    Str: 24    XL:     13   Next: 19%
Magic:  18/19      EV: 11    Int:  7    God:    Okawaru [*****.]
Gold:   2090       SH:  0    Dex: 11    Spells: 14/14 levels left

rFire   . . .      SeeInvis .     - Unarmed
rCold   . . .      Faith    +   (no shield)
rNeg    + . .      Spirit   .   (armour restricted)
rPois   .          Reflect  .   (helmet restricted)
rElec   .          Harm     .   (no cloak)
rCorr   .          Rampage  .   (gloves unavailable)
Will    .....                   (boots unavailable)
Stlth   +.........              c - amulet of faith
HPRegen 1.32/turn               O - ring of positive energy
MPRegen 0.16/turn               g - +4 ring of slaying

@: studying 2 skills, duelling
A: large, unfitting armour, claws 3, regeneration 1, shaggy fur 1, tough skin 1,
dopey 1
a: Renounce Religion, Heroism, Finesse, Duel


You were in the Arena.
You worshipped Okawaru.
Okawaru was extremely pleased with you.
You visited 3 branches of the dungeon, and saw 14 of its levels.
You also visited: Gauntlet and Volcano.

You collected 2540 gold pieces.
You spent 450 gold pieces at shops.

Inventory:

Hand Weapons
 B - a +1 halberd of flaming
Missiles
 d - 400 stones (quivered)
 o - 4 atropa-tipped darts
 y - 11 boomerangs
 G - 12 poisoned darts
 J - a throwing net
 P - 14 silver boomerangs
 V - a curare-tipped dart
 W - 8 javelins
Armour
 a - the +2 hat "Zosyh" {rCorr Dex+4 SInv}
   (You acquired it on level 1 of the Lair of Beasts)

   Dex:       It affects your dexterity (+4).
   SInv:      It lets you see invisible.
   rCorr:     It protects you from acid and corrosion.
 k - a +2 cloak of willpower
 v - +1 pearl dragon scales
 N - +4 steam dragon scales
Magical Staves
 t - a staff of cold
 E - a staff of earth
 X - a staff of fire
Jewellery
 c - an amulet of faith (around neck)
 g - a +4 ring of slaying (right claw)
 u - an amulet of the acrobat
 A - a ring of fire
 D - a ring of magical power
 O - a ring of positive energy (left claw)
 T - the ring "Wuast" {Fire rN++}
   (You found it in a Gauntlet)

   [ring of fire]

   It enhances your fire magic.
   rF:        It protects you from fire.
   rC:        It makes you vulnerable to cold.
   rN:        It greatly protects you from negative energy.
 Y - an amulet of regeneration
Wands
 q - a wand of charming (19)
 w - a wand of flame (28)
 R - a wand of iceblast (16)
Scrolls
 e - 6 scrolls of amnesia
 f - 6 scrolls of teleportation
 j - 2 scrolls of vulnerability
 C - 2 scrolls of magic mapping
 F - 3 scrolls of noise
 I - 3 scrolls of fog
 M - 3 scrolls of blinking
 Q - a scroll of silence {unknown}
 S - 4 scrolls of fear
Potions
 b - 3 potions of mutation
 h - 5 potions of heal wounds
 i - 4 potions of curing
 l - a potion of berserk rage
 m - a potion of degeneration
 n - 3 potions of invisibility
 p - 4 potions of haste
 r - a potion of lignification
 x - a potion of magic {unknown}
 z - 4 potions of flight
 H - a potion of brilliance
 L - 2 potions of might
Miscellaneous
 K - a lightning rod (4/4)


   Skills:
 - Level 10.0 Fighting
 - Level 4.0 Throwing
 - Level 6.0 Armour
 - Level 5.2 Dodging
 - Level 14.0 Unarmed Combat
 - Level 1.0 Spellcasting
 - Level 2.0 Hexes
 + Level 9.5 Invocations
 - Level 4.0 Evocations


You had 14 spell levels left.
You didn't know any spells.
Your spell library contained the following spells:

 Spells                   Type           Power      Damage    Failure   Level
 Slow                     Hex            3%         N/A       28%         2
 Apportation              Tloc           0%         N/A       38%         1
 Sting                    Tmut/Pois      0%         1d3       38%         1
 Confusing Touch          Hex            3%         N/A       50%         3
 Blink                    Tloc           0%         N/A       54%         2
 Corpse Rot               Necr/Air       0%         N/A       54%         2
 Passwall                 Tmut/Erth      0%         N/A       54%         2
 Poisonous Vapours        Pois/Air       0%         N/A       54%         2
 Static Discharge         Conj/Air       0%         N/A       54%         2
 Inner Flame              Hex/Fire       1%         N/A       63%         3
 Portal Projectile        Hex/Tloc       2%         N/A       63%         3
 Lesser Beckoning         Tloc           0%         N/A       77%         3
 Swiftness                Air            0%         N/A       77%         3
 Cause Fear               Hex            1%         N/A       88%         4
 Dispel Undead            Necr           0%         3d6       99%         4
 Olgreb's Toxic Radiance  Pois           0%         N/A       99%         4
 Sticky Flame             Conj/Fire      0%         2d3       99%         4
 Freezing Cloud           Conj/Ice/Air   0%         6-21      100%        5
 Silence                  Hex/Air        0%         N/A       100%        5
 Yara's Violent Unravell  Hex/Tmut       0%         3d3       100%        5
 Eringya's Noxious Bog    Tmut/Pois      0%         N/A       100%        6
 Invisibility             Hex            1%         N/A       100%        6
 Storm Form               Tmut/Air       0%         N/A       100%        7
 Maxwell's Capacitive Co  Air            0%         ∞         100%        8
 Summon Lightning Spire   Summ/Air       Unusable   N/A       N/A         4
 Summon Forest            Summ/Tloc      Unusable   N/A       N/A         5
 Death Channel            Necr           Unusable   N/A       N/A         6
 Summon Hydra             Summ           Unusable   N/A       N/A         7

Dungeon Overview and Level Annotations

Branches:
Dungeon (10/15)            Temple (1/1) D:6            Lair (3/6) D:8
 Shoals (0/4) Lair:3      Volcano (visited)         Gauntlet (visited)
  Snake: Lair:2-4    Spider: Lair:2-4       Orc: D:9-12

Altars:
Ashenzari
Cheibriados
Dithmenos
Elyvilon
Fedhas
Gozag
Hepliaklqana
Kikubaaqudgha
Makhleb
Nemelex Xobeh
Okawaru
Ru
Sif Muna
Trog
Uskayaw
Vehumet
Wu Jian
Xom
Yredelemnul
Zin
The Shining One

Shops:
D:2 [   D:9 [   D:10 ?

Annotations:
D:10 Gastronok


Innate Abilities, Weirdness & Mutations

You are too large for most types of armour.
You have claws for hands.
Your natural rate of healing is unusually fast.
You are covered in fur. (AC +1)
You have tough skin. (AC +1)
You are dopey. (Int -2)


Message History

Aiming: Iceblast
Press: ? - help, Shift-Dir - straight line That beam is likely to hit you.
Continue anyway?
The mass of ice explodes!
The iceblast engulfs you! The one-headed hydra bites you.
Unknown command.
Unknown command.
The one-headed hydra bites you but does no damage.
The one-headed hydra bites you but does no damage.
The one-headed hydra bites you!
The spectator waves a pennant with your name on it.
The one-headed hydra bites you!
The one-headed hydra closely misses you.
The one-headed hydra bites you. The one-headed hydra bites you!
* * * LOW HITPOINT WARNING * * *
The one-headed hydra bites you.
* * * LOW HITPOINT WARNING * * *
The one-headed hydra bites you.
* * * LOW HITPOINT WARNING * * *
The one-headed hydra bites you.
* * * LOW HITPOINT WARNING * * *
The spectator's armour gleams in the torchlight.
The one-headed hydra bites you.
* * * LOW HITPOINT WARNING * * *
The one-headed hydra misses you. The one-headed hydra bites you!
* * * LOW HITPOINT WARNING * * *
The one-headed hydra bites you but does no damage.
The one-headed hydra closely misses you.
The one-headed hydra bites you.
* * * LOW HITPOINT WARNING * * *
The one-headed hydra bites you!
* * * LOW HITPOINT WARNING * * *
The one-headed hydra barely misses you.
The one-headed hydra completely misses you.
The one-headed hydra misses you. The one-headed hydra bites you!
You die...
Okawaru crowns the one-headed hydra victorious!

#### ####
##..p#...##
##..▓▓▓▓▓p.##
##.p▓▓...▓▓p.##
#.p▓▓.....▓▓p.#
#.▓▓.......▓▓.#
#▓▓.........▓▓#
#▓.....@.....▓#
#▓▓....D....▓▓#
#.▓▓.......▓▓.#
#.p▓▓.....▓▓p.#
##.p▓▓...▓▓p.##
##.p▓▓▓▓▓p.##
##..▓∩▓..##
#########


You could see an one-headed hydra.

Vanquished Creatures
  A minotaur (Gauntlet)
  Harold (D:8)
  3 two-headed ogres
  A hell knight (Volcano)
  A salamander mystic (Volcano)
  A deep elf pyromancer (D:8)
  A necromancer (Gauntlet)
  A worldbinder (Gauntlet)
  2 manticores
  Maurice (D:8)
  4 salamanders (Volcano)
  Joseph (D:8)
  6 cane toads
  2 komodo dragons
  A merfolk (D:8)
  3 trolls
  A polar bear (Lair:2)
  6 slime creatures (D:10)
  A wind drake (Lair:3)
  Grinder (D:3)
  5 blink frogs (Lair:3)
  Sigmund (D:2)
  3 wyverns
  44 yaks
  3 hogs
  2 vampire mosquitoes (D:10)
  2 steam dragons
  2 hell hounds (Lair:1)
  5 water moccasins
  3 orc warriors
  4 sky beasts
  9 black bears (D:8)
  A boggart (Gauntlet)
  7 centaurs
  3 ogres
  8 wolves
  A phantom (D:6)
  4 kobold brigands
  18 bullfrogs
  2 wyvern zombies
  2 gnoll sergeants
  2 scorpions
  2 wyvern skeletons
  23 killer bees
  5 wights (D:8)
  6 electric eels
  3 hounds
  A bullfrog zombie (D:5)
  7 centaur zombies
  A gnoll shaman (D:8)
  6 orc priests
  A bullfrog skeleton (D:6)
  12 orc wizards
  2 iguanas (D:7)
  11 gnolls
  A howler monkey skeleton (D:5)
  5 adders
  A shadow imp (D:6)
  2 white imps
  A worm (D:5)
  2 dart slugs
  37 orcs
  5 ball pythons
  6 endoplasms
  6 giant cockroaches
  5 goblins
  4 hobgoblins
  6 jackals
  3 quokkas
  6 bats
  2 frilled lizards
  15 kobolds
  A rat (D:2)
358 creatures vanquished.

Vanquished Creatures (others)
  6 fungi
  79 plants
  3 withered plants (D:5)
88 creatures vanquished.

Grand Total: 446 creatures vanquished

Notes
Turn   | Place    | Note
-------+----------+-------------------------------------------
     0 | D:1      | arenajobber the Troll Arcane Marksman began the quest for
                  | the Orb.
     0 | D:1      | Reached XP level 1. HP: 18/18 MP: 1/1
    61 | D:1      | Reached skill level 1 in Fighting
   125 | D:1      | Reached skill level 1 in Unarmed Combat
   381 | D:1      | Reached XP level 2. HP: 22/27 MP: 2/2
   587 | D:2      | Found a faded altar of an unknown god.
   612 | D:2      | Found Kuots's Armour Shoppe.
   679 | D:2      | Reached skill level 2 in Unarmed Combat
   679 | D:2      | Reached XP level 3. HP: 32/33 MP: 3/3
   759 | D:2      | Noticed Sigmund
   766 | D:2      | Killed Sigmund
   767 | D:2      | Reached skill level 4 in Unarmed Combat
   767 | D:2      | Reached XP level 4. HP: 39/44 MP: 4/4
   767 | D:2      | Reached XP level 5. HP: 44/50 MP: 5/5
   928 | D:2      | Found a sparkling altar of Nemelex Xobeh.
  1497 | D:3      | Reached XP level 6. HP: 51/59 MP: 6/6
  1616 | D:3      | Found a radiant altar of Vehumet.
  1752 | D:3      | Reached skill level 5 in Unarmed Combat
  1790 | D:3      | Noticed Grinder
  1791 | D:3      | Paralysed by Grinder for 7 turns
  1800 | D:3      | Gained mutation: You are dopey. (Int -2) [potion of
                  | mutation]
  1810 | D:3      | Paralysed by Grinder for 5 turns
  1819 | D:3      | Paralysed by Grinder for 7 turns
  1827 | D:3      | Killed Grinder
  1981 | D:4      | Reached skill level 6 in Unarmed Combat
  1981 | D:4      | Reached XP level 7. HP: 68/68 MP: 7/7
  2017 | D:4      | Found a bloodstained altar of Trog.
  2933 | D:2      | Bought a +1 cloak of willpower for 198 gold pieces
  2983 | D:5      | Entered Level 5 of the Dungeon
  3018 | D:5      | Reached skill level 5 in Fighting
  3163 | D:5      | Reached XP level 8. HP: 65/80 MP: 8/8
  3237 | D:5      | Found an ancient bone altar of Kikubaaqudgha.
  3293 | D:5      | Reached skill level 7 in Unarmed Combat
  3866 | D:6      | Found a staircase to the Ecumenical Temple.
  3876 | Temple   | Entered the Ecumenical Temple
  4100 | D:6      | Reached skill level 8 in Unarmed Combat
  5295 | D:7      | Reached skill level 9 in Unarmed Combat
  5295 | D:7      | Reached XP level 9. HP: 9/92 MP: 9/9
  5574 | D:7      | Found a shimmering altar of Xom.
  5611 | D:7      | Found a sacrificial altar of Ru.
  5643 | D:7      | Found a snail-covered altar of Cheibriados.
  5672 | D:7      | Found a white marble altar of Elyvilon.
  5795 | D:7      | Reached skill level 10 in Unarmed Combat
  6209 | D:7      | Reached skill level 1 in Evocations
  6353 | D:7      | Found a shimmering blue altar of Sif Muna.
  6528 | D:8      | Noticed a deep elf pyromancer
  6543 | D:8      | Noticed a troll
  6545 | D:8      | Killed a deep elf pyromancer
  6545 | D:8      | Noticed Maurice
  6566 | D:7      | Reached XP level 10. HP: 61/102 MP: 10/10
  6692 | D:8      | Killed Maurice
  6713 | D:8      | Noticed Joseph
  6791 | D:8      | Killed Joseph
  6981 | D:8      | Noticed Harold
  7010 | D:8      | Killed Harold
  7098 | D:8      | Found a staircase to the Lair.
  7121 | D:8      | Reached skill level 11 in Unarmed Combat
  7486 | D:8      | Reached XP level 11. HP: 51/111 MP: 11/11
  7553 | D:8      | Found a white marble altar of Elyvilon.
  7913 | D:8      | Noticed a two-headed ogre
  7913 | D:8      | Noticed a two-headed ogre
  7923 | D:8      | Killed a two-headed ogre
  7923 | D:8      | Killed a two-headed ogre
  7924 | D:8      | Reached skill level 12 in Unarmed Combat
  9174 | D:9      | Found Ebbecs's Antique Armour Shoppe.
  9344 | D:9      | Reached skill level 10 in Fighting
  9388 | D:9      | Noticed a two-headed ogre
  9410 | D:9      | Killed a two-headed ogre
  9471 | D:9      | Found a hazy altar of Hepliaklqana.
  9983 | D:10     | Entered Level 10 of the Dungeon
 10149 | D:10     | Found an iron altar of Okawaru.
 10156 | D:10     | Became a worshipper of Warmaster Okawaru
 10290 | D:10     | Reached skill level 13 in Unarmed Combat
 10322 | D:10     | Reached * piety under Okawaru
 10416 | D:10     | Reached skill level 5 in Dodging
 10416 | D:10     | Reached XP level 12. HP: 103/126 MP: 12/12
 10538 | D:10     | Found Gotaschiu's Magic Scroll Shop.
 10550 | D:10     | Bought 3 scrolls of fear for 147 gold pieces
 10550 | D:10     | Bought a scroll of enchant armour for 105 gold pieces
 10643 | D:10     | Noticed Gastronok
 10934 | Lair:1   | Entered Level 1 of the Lair of Beasts
 10935 | Lair:1   | Identified 4 scrolls of acquirement
 10935 | Lair:1   | Acquired 560 gold pieces
 10937 | Lair:1   | Acquired the +2 hat "Zosyh" {rCorr Dex+4 SInv}
 10943 | Lair:1   | Acquired +1 pearl dragon scales
 10955 | Lair:1   | Acquired 1062 gold pieces
 11007 | Lair:1   | Reached ** piety under Okawaru
 11008 | Lair:1   | Reached skill level 1 in Armour
 11072 | Lair:1   | Found a dark tunnel.
 11080 | Volcano  | Entered a volcano
 11114 | Volcano  | Identified the +0 pair of boots "Raeh" {rPois rCorr}
 11124 | Volcano  | Reached *** piety under Okawaru
 11125 | Volcano  | Reached skill level 14 in Unarmed Combat
 11334 | Lair:1   | Found a gate leading to a gauntlet.
 11344 | Gauntlet | Entered a Gauntlet
 11344 | Gauntlet | Found a transporter.
 11344 | Gauntlet | Found a runed translucent door.
 11344 | Gauntlet | Found a transporter.
 11344 | Gauntlet | Found a runed translucent door.
 11366 | Gauntlet | Found a transporter.
 11369 | Gauntlet | Found a transporter.
 11379 | Gauntlet | Found a transporter.
 11382 | Gauntlet | Found a transporter.
 11392 | Gauntlet | Found a transporter.
 11416 | Gauntlet | Found a transporter.
 11419 | Gauntlet | Found a transporter.
 11427 | Gauntlet | Found a transporter.
 11430 | Gauntlet | Found a transporter.
 11476 | Gauntlet | Found a transporter.
 11574 | Gauntlet | Reached skill level 5 in Armour
 11581 | Gauntlet | Identified the ring "Wuast" {Fire rN++}
 11595 | Gauntlet | Identified the +0 hat "Vanyi" {Int+8 Dex+4 Slay-6}
 11613 | Gauntlet | Noticed a minotaur
 11628 | Gauntlet | Killed a minotaur
 11628 | Gauntlet | Reached **** piety under Okawaru
 11645 | Gauntlet | Identified the +3 leather armour of Wugrueh {rN+ Str-2
                  | Int+4}
 11649 | Gauntlet | Got the Incunabulum of the Traveller
 11656 | Gauntlet | Got the Tome of Lightness and Ice
 11733 | Lair:1   | Reached skill level 1 in Invocations
 12393 | Lair:1   | Reached ***** piety under Okawaru
 12561 | Lair:2   | Reached skill level 5 in Invocations
 12952 | Lair:2   | Received a gift from Okawaru
 12953 | Lair:2   | Reached XP level 13. HP: 126/133 MP: 17/17
 13399 | Lair:3   | Received a gift from Okawaru
 13481 | Lair:3   | Found a staircase to the Shoals.
 13569 | Arena    | Entered the Arena
 13608 | Arena    | Slain by a one-headed hydra

Illustrated notes

Levels and vault maps discovered:
D:1:      nzn_arrival_depleted_hourglass, layout_rooms, hex_medium
D:2:      layout_loops_ring, ebering_ecumenical_altar_sacrificial, basic_altar,
          serial_shops, nicolae_diamond_shop, st_stairs_2, uniq_sigmund
D:3:      layout_basic, nicolae_vehumet_radiance,
          chequers_serial_rivers_small_3, uniq_grinder
D:4:      minmay_inner_zag, layout_basic, bloody_trog
D:5:      layout_gridville, kiku_gazebo_garden_becter,
          kennysheep_generic_room_10
D:6:      layout_layer_cave, minmay_temple_entry_stoned_glass
D:7:      minmay_spotlight, layout_basic,
          mainiacjoe_overflow_concentric_impassable, lemuel_round_altar,
          old_standard_altar, mainiacjoe_overflow_chevrons, kennysheep_diamond,
          minmay_manual_monolith
D:8:      kennysheep_town, uniq_maurice, uniq_joseph, uniq_harold
D:9:      layout_cave_pods, mainiacjoe_overflow_small_starburst, serial_shops,
          shop, minmay_unpleasant_kobolds
D:10:     layout_loops_ring, nicolae_qazlal_eye_of_the_storm,
          okawaru_metal_pillars_1_2, serial_shops, nicolae_square_shop,
          uniq_gastronok
Temple:   minmay_temple_bridge_abc
Lair:1:   layout_small_grid, gauntlet_entry_generic, enter_volcano_3,
          nicolae_quartered_pool_medium, st_stairs_12, serial_bayou_pond_d,
          minivault_19, serial_bayou_pond_d
Lair:2:   layout_hall_layers, infiniplex_staircase_pool_2, grunt_megastairs_2,
          serial_bayou_shore_a
Lair:3:   layout_long_grid, minmay_shoals_entry_beasts, spider_nest_entry_a,
          beast_lair_carwin_5, serial_bayou_shore_b
Arena

Skill      XL: |  1  2  3  4  5  6  7  8  9 10 11 12 13 |
---------------+----------------------------------------+-----
Fighting       | 1 2 3 5 6 7 10 | 10.0
Unarmed Combat | 1 2 4 6 9 10 11 13 14 | 14.0
Dodging        | 4 5 |  5.2
Evocations     | 3 4 |  4.0
Throwing       | 4 |  4.0
Armour         | 6 |  6.0
Invocations    | 6 9 |  9.5
Spellcasting   | |  1.0
Hexes          | |  2.0

Action                   |  1- 3 |  4- 6 |  7- 9 | 10-12 | 13-15 || total
-------------------------+-------+-------+-------+-------+-------++-------
Melee: Unarmed           |    49 |    84 |   370 |   650 |    61 ||  1214
       Punch             |       |       |    10 |    46 |     5 ||    61
       Halberd           |       |       |       |       |     9 ||     9
Throw: Large rock        |     4 |     4 |     7 |     4 |     1 ||    20
       Throwing net      |     1 |     2 |     2 |     2 |       ||     7
       Stone             |       |       |     5 |       |       ||     5
       Boomerang         |       |       |     1 |    12 |       ||    13
       Dart              |       |       |     2 |    13 |       ||    15
Invok: Heroism           |       |       |       |     1 |       ||     1
       Duel              |       |       |       |       |     1 ||     1
Evoke: Wand              |       |       |       |    11 |     2 ||    13
       Lightning rod     |       |       |       |     4 |       ||     4
  Use: Scroll            |       |     1 |     5 |    21 |       ||    27
       Potion            |       |     1 |     1 |     1 |       ||     3
 Stab: Held in net/web   |       |       |       |     1 |       ||     1
       Sleeping          |       |       |       |     1 |       ||     1
Armor: Robe              |    18 |    30 |    86 |    65 |       ||   199
       Steam dragon scal |       |       |       |    85 |       ||    85
       Pearl dragon scal |       |       |       |   113 |    54 ||   167
       Skin              |       |       |       |       |     4 ||     4
Dodge: Dodged            |    26 |    40 |   147 |   267 |    60 ||   540

Table legend: (Time is in decaauts)
 A = Elapsed time spent in this place.
 B = Non-inter-level travel time spent in this place.
 C = Inter-level travel time spent in this place.
 D = Time resting spent in this place.
 E = Time spent auto-exploring this place.
 F = Levels seen in this place.
 G = Mean time per level.
                   A        B        C        D        E       F      G
               +--------+--------+--------+--------+--------+-----+--------+
         Total |  13433 |  12855 |    578 |   1046 |   7995 |  17 |  790.2 |
       Dungeon |  10718 |  10237 |    481 |    835 |   6541 |  10 | 1071.8 |
        Temple |    202 |    180 |     22 |      0 |    174 |   1 |  202.0 |
          Lair |   1909 |   1835 |     74 |    137 |   1166 |   3 |  636.3 |
       Volcano |    228 |    228 |      0 |     69 |      0 |   1 |  228.0 |
      Gauntlet |    336 |    336 |      0 |      4 |    113 |   1 |  336.0 |
         Arena |     38 |     38 |      0 |      0 |      0 |   1 |   38.0 |
               +--------+--------+--------+--------+--------+-----+--------+

Top non-repeatable levels by time:
     D:8: 2444 daAuts
     D:7: 1534 daAuts
     D:6: 1391 daAuts
     D:4: 960 daAuts
  Lair:1: 904 daAuts
     D:9: 898 daAuts
    D:10: 875 daAuts
     D:2: 820 daAuts
  Lair:2: 809 daAuts
     D:3: 678 daAuts
     D:1: 580 daAuts
     D:5: 534 daAuts
Gauntlet: 336 daAuts
 Volcano: 228 daAuts
  Temple: 202 daAuts
